 Dungeon Crawl Stone Soup version 0.28-a0-1429-gf3d713df7a (webtiles) character file.

Game seed: 3085381119988085126

416 Maimakterion the Covered (level 7, -4/79 HPs)
             Began as a Formicid Fighter on Jan 9, 2022.
             Was a Believer of Fedhas.
             Slain by an ogre (6 damage)
             ... on level 4 of the Dungeon.
             The game lasted 00:04:45 (4116 turns).

Maimakterion the Covered (Formicid Fighter)         Turns: 4116, Time: 00:04:45

Health: -4/79      AC: 23    Str: 22    XL:     7   Next: 15%
Magic:  8/8        EV:  2    Int:  8    God:    Fedhas [**....]
Gold:   86         SH:  4    Dex: 10    Spells: 6/6 levels left

rFire   . . .      SeeInvis .   a - +1 whip
rCold   . . .      Faith    .   m - +0 buckler
rNeg    . . .      Spirit   .   (armour currently unavailable)
rPois   +          Reflect  .   (helmet unavailable)
rElec   .          Harm     .   (cloak currently unavailable)
rCorr   .          Rampage  .   (gloves currently unavailable)
Will    .....                   (boots currently unavailable)
Stlth   +.........              (no amulet)
HPRegen 0.23/turn               (no ring)
MPRegen 0.11/turn               (no ring)

@: tree-form
A: stationary, stasis, torment immunity, boosted hp, permanent stasis, dig
shafts and tunnels, (antennae 3), four strong arms
a: Renounce Religion, Wall of Briars


You were on level 4 of the Dungeon.
You worshipped Fedhas.
Fedhas was pleased with you.
You were a tree.
You visited 1 branch of the dungeon, and saw 4 of its levels.

You collected 86 gold pieces.

Inventory:

Hand Weapons
 a - a +1 whip (weapon)
 b - a +0 hunting sling
 c - a +0 flail
Missiles
 o - 118 stones
 p - 13 poisoned darts
Armour
 g - a +0 cloak (melded)
 m - a +0 buckler (worn)
 n - a +0 scale mail (melded)
Jewellery
 s - a ring of flight
Scrolls
 f - 2 scrolls of fear
 l - a scroll of fog
 r - a scroll of vulnerability {unknown}
Potions
 h - a potion of brilliance {unknown}
 i - a potion of resistance {unknown}
 j - a potion of heal wounds {unknown}
 k - a potion of mutation {unknown}
 q - a potion of magic {unknown}


   Skills:
 + Level 3.8 Fighting
 * Level 4.1 Maces & Flails
 * Level 2.2 Slings
 * Level 5.2 Armour
 * Level 4.6 Shields
 * Level 2.1 Invocations


You had 6 spell levels left.
You didn't know any spells.
Your spell library contained the following spells:

 Spells                   Type           Power      Damage    Failure   Level
 Animate Skeleton         Necr           0%         N/A       45%         1
 Pain                     Necr           0%         1d4       45%         1
 Vampiric Draining        Necr           0%         2d6       83%         3


Dungeon Overview and Level Annotations

Branches:
Dungeon (4/15)
 Temple: D:4-7

Altars:
Fedhas
The Shining One


Innate Abilities, Weirdness & Mutations

You are a tree.
Your roots penetrate the ground, keeping you stationary.
You cannot be teleported.
You are immune to unholy pain and torment.
Your maximum health is greatly increased.
Your equipment is partially melded.
You cannot be hasted, slowed, berserked, paralysed or teleported.
You can dig through walls and to a lower floor.
((You have a pair of large antennae on your head. (SInv)))
Your four strong arms can wield two-handed weapons with a shield.


Message History

The ogre is moderately wounded.
The ogre hits you with a +0 giant spiked club!!
You take 19 damage, and have 34/53 hp.
MASSIVE DAMAGE!!
You hit the ogre.
The ogre is moderately wounded.
The ogre hits you with a +0 giant spiked club!!
* * * LOW HITPOINT WARNING * * *
You take 22 damage, and have 12/53 hp.
MASSIVE DAMAGE!!
It was a potion of curing.
You feel better. The ogre closely misses you.
You regained 7 hp, and now have 19/53 hp.
It was a potion of lignification.
You turn into a tree.
Your +0 cloak melds into your body.
Your +0 scale mail melds into your body.
Your roots penetrate the ground.
You now have 28/79 hp.
You barely miss the ogre.
The ogre is moderately wounded.
The ogre hits you but does no damage.
You barely miss the ogre.
The ogre is moderately wounded.
The ogre hits you with a +0 giant spiked club.
You take 1 damage, and have 27/79 hp.
You hit the ogre.
The ogre is heavily wounded.
The hound pauses to sniff the ground.
You barely miss the ogre.
The ogre is heavily wounded.
The ogre hits you with a +0 giant spiked club!
* * * LOW HITPOINT WARNING * * *
You take 15 damage, and have 12/79 hp.
You hit the ogre but do no damage.
The ogre is heavily wounded.
The ogre hits you with a +0 giant spiked club!
* * * LOW HITPOINT WARNING * * *
You take 10 damage, and have 2/79 hp.
You whack the ogre!
The ogre is severely wounded.
The ogre hits you with a +0 giant spiked club.
You die...
Fedhas appreciates your contribution to the ecosystem.

#.# #.....#
#+#
{#+#.#####
#.)...+
###...#####
#.......#.+
#+#...#'#.###
#...#.....#
##+##.....+ {
#.♣...#
#O#.###
#...(..h#.+
###...#####
+... ###


You could see an ogre and a hound.

Vanquished Creatures
  Grinder (D:3)
  An ogre (D:4)
  A hound (D:3)
  Jessica (D:3)
  2 adders
  An adder skeleton (D:4)
  An adder zombie (D:4)
  2 worms
  3 orcs (D:3)
  5 ball pythons
  2 endoplasms
  4 giant cockroaches
  8 goblins
  4 hobgoblins
  5 quokkas
  5 bats
  4 frilled lizards
  9 kobolds
  6 rats
65 creatures vanquished.

Notes
Turn   | Place    | Note
-------+----------+-------------------------------------------
     0 | D:1      | Maimakterion the Formicid Fighter began the quest for the
                  | Orb.
     0 | D:1      | Reached XP level 1. HP: 18/18 MP: 1/1
   295 | D:1      | Reached XP level 2. HP: 24/24 MP: 2/2
   850 | D:1      | Reached XP level 3. HP: 24/29 MP: 3/3
  1744 | D:2      | Reached skill level 4 in Armour
  1799 | D:2      | Found a faded altar of an unknown god.
  1830 | D:2      | Prayed at the altar of an unknown god.
  1830 | D:2      | Became a worshipper of Fedhas Madash
  1830 | D:2      | Reached * piety under Fedhas
  1926 | D:2      | Reached XP level 4. HP: 36/36 MP: 4/4
  2772 | D:3      | Noticed Grinder
  2788 | D:3      | Killed Grinder
  2789 | D:3      | Reached skill level 1 in Slings
  2789 | D:3      | Reached skill level 5 in Armour
  2789 | D:3      | Reached skill level 1 in Invocations
  2789 | D:3      | Reached XP level 5. HP: 42/42 MP: 4/6
  2789 | D:3      | Reached XP level 6. HP: 48/48 MP: 4/7
  3038 | D:3      | Noticed Jessica
  3041 | D:3      | Killed Jessica
  3434 | D:3      | Found a glowing golden altar of the Shining One.
  3616 | D:4      | Noticed an ogre
  3805 | D:4      | Noticed an ogre
  3817 | D:4      | Killed an ogre
  3817 | D:4      | Reached ** piety under Fedhas
  3818 | D:4      | Reached XP level 7. HP: 7/53 MP: 8/8
  4115 | D:4      | HP: 2/79 [ogre (10)]
  4116 | D:4      | Slain by an ogre

Illustrated notes

Levels and vault maps discovered:
D:1:      doesnt_arrival_eight_statues, layout_basic,
          hangedman_decor_peaks_small
D:2:      layout_basic, shapermc_ecumenical_altar_starsandcircs
D:3:      layout_basic, tso_oasis_becter, amcnicky_mini_corridor_feature,
          uniq_grinder, uniq_jessica
D:4:      nicolae_cairo_tiling_large, layout_rooms,
          mainiacjoe_overflow_concentric_impassable, serial_undead,
          serial_undead_c, serial_undead_a, serial_undead_a, serial_undead_f,
          hangedman_abyss_or_decor_stabs, goddamned_bats

Skill      XL: |  1  2  3  4  5  6 |
---------------+-------------------+-----
Shields        | 4 |  4.6
Armour         | 4 5 |  5.2
Maces & Flails | 3 4 |  4.1
Slings         | 1 2 |  2.2
Invocations    | 1 2 |  2.1
Fighting       | |  3.8

Action                   |  1- 3 |  4- 6 |  7- 9 || total
-------------------------+-------+-------+-------++-------
Melee: Flail             |    97 |     4 |       ||   101
       Whip              |    19 |   101 |     9 ||   129
 Fire: Hunting sling     |       |    24 |     1 ||    25
 Abil: Dig               |       |     1 |       ||     1
  Use: Scroll            |     1 |     3 |       ||     4
       Potion            |       |     1 |     2 ||     3
Armor: Scale mail        |    71 |    48 |       ||   119
       Skin              |       |       |     1 ||     1
Dodge: Dodged            |    68 |    58 |     1 ||   127
Block: Buckler           |    34 |    21 |       ||    55

Table legend: (Time is in decaauts)
 A = Elapsed time spent in this place.
 B = Non-inter-level travel time spent in this place.
 C = Inter-level travel time spent in this place.
 D = Time resting spent in this place.
 E = Time spent auto-exploring this place.
 F = Levels seen in this place.
 G = Mean time per level.
                   A        B        C        D        E       F      G
               +--------+--------+--------+--------+--------+-----+--------+
         Total |   4143 |   3740 |    403 |    348 |   2772 |   4 | 1035.8 |
       Dungeon |   4143 |   3740 |    403 |    348 |   2772 |   4 | 1035.8 |
               +--------+--------+--------+--------+--------+-----+--------+

Top non-repeatable levels by time:
     D:1: 1334 daAuts
     D:3: 1219 daAuts
     D:2: 1166 daAuts
     D:4: 423 daAuts
